 Dungeon Crawl Stone Soup version 0.28.0-55-gcd9437bce4 (webtiles) character file.

Game seed: 12110549147845344525

68 tkbsonic5 the Bolt Thrower (level 4, -12/27 HPs)
             Began as a Gargoyle Hunter on Dec 31, 2022.
             Mangled by an ogre
             ... wielding a +0 giant club
              (21 damage)
             ... on level 2 of the Dungeon.
             The game lasted 00:04:49 (926 turns).

tkbsonic5 the Bolt Thrower (Gargoyle Hunter)         Turns: 926, Time: 00:04:50

Health: -12/27     AC:  6    Str: 16    XL:     4   Next: 19%
Magic:  4/4        EV: 11    Int: 11    God:
Gold:   34         SH:  0    Dex: 12    Spells: 3/3 levels left

rFire   . . .      SeeInvis .   a - +1 hand crossbow
rCold   . . .      Faith    .   (no shield)
rNeg    + . .      Spirit   .   c - +0 leather armour
rPois   ∞          Reflect  .   (no helmet)
rElec   +          Harm     .   (no cloak)
rCorr   .          Rampage  .   (no gloves)
Will    .....                   (no boots)
Stlth   ++........              h - amulet of the acrobat
HPRegen 0.09/turn               (no ring)
MPRegen 0.09/turn               (no ring)

@: invisible
A: sickness immunity, AC +3, negative energy resistance 1, electricity
resistance, torment resistance 1, petrification resistance
a: no special abilities


You were on level 2 of the Dungeon.
You visited 1 branch of the dungeon, and saw 2 of its levels.

You collected 34 gold pieces.

Inventory:

Hand Weapons
 a - a +1 hand crossbow (weapon)
 b - a +0 short sword
 e - a +2 dagger of flaming
 j - a +1 dagger of venom
Missiles
 d - 5 bolts (quivered ammo)
 f - 5 javelins
Armour
 c - a +0 leather armour (worn)
 i - a +0 chain mail
Jewellery
 h - an amulet of the acrobat (around neck)
Wands
 m - a wand of paralysis (8)
Scrolls
 g - a scroll of fog {unknown}
Potions
 k - a potion of ambrosia {unknown}


   Skills:
 * Level 2.9 Fighting
 * Level 1.3 Short Blades
 * Level 4.4 Crossbows
 + Level 0.4 Throwing
 + Level 1.8 Dodging
 + Level 1.8 Stealth


You had 3 spell levels left.
You didn't know any spells.
Your spell library contained the following spells:

 Spells                   Type           Power      Damage    Failure   Level
 Blink                    Tloc           0%         N/A       54%         2
 Lesser Beckoning         Tloc           0%         N/A       78%         3
 Manifold Assault         Tloc           0%         N/A       100%        5


Dungeon Overview and Level Annotations

Branches:
Dungeon (2/15)

Altars:


Innate Abilities, Weirdness & Mutations

You are immune to sickness and miasma.
Your stone body is resilient. (AC +3)
You are immune to poison.
You resist negative energy. (rN+)
You are resistant to electric shocks. (rElec)
You are resistant to unholy torment.
You are immune to petrification.


Message History

You kill the kobold!
d - 12 bolts (gained 1)
Things that are here:
a +0 club; 5 stones; a kobold corpse
d - 13 bolts (gained 1)
A frilled lizard comes into view.
You shoot a bolt. The bolt hits the frilled lizard.
You kill the frilled lizard!
A ball python comes into view.
You shoot a bolt. The bolt hits the ball python!
You kill the ball python!
A goblin comes into view. It is wielding a +0 dagger.
You shoot a bolt. The bolt hits the goblin.
The goblin shouts!
The goblin is moderately wounded.
You hear a shout!
You shoot a bolt. The bolt barely misses the goblin.
The goblin hits you but does no damage.
You shoot a bolt. The bolt barely misses the goblin.
The goblin completely misses you.
You shoot a bolt. The bolt hits the goblin.
You kill the goblin!
An ogre comes into view. It is wielding a +0 giant club.
An ogre is nearby!
You shoot a bolt. The ogre shouts!
The bolt hits the ogre!
The ogre is moderately wounded.
You shoot a bolt. The bolt hits the ogre.
The ogre is heavily wounded.
The ogre hits you with a +0 giant club!!
Ouch! That really hurt!
* * * LOW HITPOINT WARNING * * *
Okay, then.
Okay, then.
It was a potion of invisibility.
You fade into invisibility!
The ogre hits you with a +0 giant club!!
Ouch! That really hurt!
You die...

.#####.#
#..#..##.....###
........ #..#
#..##.......
.†.... #..#
#..##...##.
......##..#
#..##..##.
......#.((#
#...#..##. #...#
#...#.#. ##..##
##..##>#. ##.O##
##..## .#.
##.@## ##..##
.#. ##..##
##..## .#.
##..###).##
##..#..##
##...## ##.##
###


You could see an ogre.

Vanquished Creatures
  2 adders (D:2)
  2 bats (D:1)
  2 endoplasms (D:1)
  2 giant cockroaches (D:2)
  5 goblins
  5 hobgoblins (D:1)
  8 jackals (D:1)
  4 quokkas
  3 ball pythons
  2 frilled lizards
  6 kobolds
  2 rats (D:1)
43 creatures vanquished.

Notes
Turn   | Place    | Note
-------+----------+-------------------------------------------
     0 | D:1      | tkbsonic5 the Gargoyle Hunter began the quest for the Orb.
     0 | D:1      | Reached XP level 1. HP: 12/12 MP: 1/1
    58 | D:1      | Reached XP level 2. HP: 18/18 MP: 2/2
   278 | D:1      | Reached XP level 3. HP: 22/22 MP: 3/3
   280 | D:1      | Reached skill level 1 in Short Blades
   601 | D:1      | Found a faded altar of an unknown god.
   828 | D:2      | Reached XP level 4. HP: 27/27 MP: 4/4
   920 | D:2      | Noticed an ogre
   926 | D:2      | Mangled by an ogre

Illustrated notes

Levels and vault maps discovered:
D:1:      onia_arrival_pyramid, layout_basic,
          hellmonk_ecumenical_altar_prayer_group, grunt_decor_mini_mirrors
D:2:      minmay_alternating_diamond, layout_loops_ring, minmay_misc_feat_alley,
          nicolae_figureground_sparkle

Skill      XL: |  1  2  3 |
---------------+----------+-----
Short Blades   | 1 |  1.3
Fighting       | |  2.9
Crossbows      | |  4.4
Throwing       | |  0.4
Dodging        | |  1.8
Stealth        | |  1.8

Action                   |  1- 3 |  4- 6 || total
-------------------------+-------+-------++-------
Melee: Dagger            |    33 |       ||    33
 Fire: Hand crossbow     |    60 |    14 ||    74
  Use: Potion            |       |     1 ||     1
Armor: Leather armour    |    15 |     1 ||    16
Dodge: Dodged            |    22 |     1 ||    23
